[Event "44th Chess Olympiad Open 2022"]
[Site "Chennai"]
[Date "2022.08.05"]
[Round "7.89"]
[White "Jaiswal Prashant S"]
[Black "dos Reis, Tito"]
[Result "0-1"]
[WhiteElo "1683"]
[BlackElo "1658"]
[Annotator "NA"]
[PlyCount "184"]
[EventDate "2022.??.??"]
[TimeControl "60"]

1. d4 d6 2. c4 Nf6 3. Nc3 c6 4. e4 Qa5 5. Bd3 e5 6. d5 Be7 7. Nge2 Nbd7 8. O-O Nc5 9. Bc2 h6 10. Be3 Ng4 11. Bd2 Qc7 12. b4 Nd7 13. Ng3 Nb6 14. Qe2 Nf6 15.
Rac1 a6 16. a4 Bd7 17. a5 Nc8 18. Ba4 Na7 19. Rfd1 Bg4 20. f3 Bd7 21. Rb1 Rc8 22. Rdc1 c5 23. Bxd7+ Qxd7 24. bxc5 dxc5 25. Nf5 Bf8 26. Rb6 Rc7 27. Rcb1 Nc8 28. R6b2 g6 29. Ne3 Bg7 30. Qd1 O-O 31. Rb3 Ne8 32. R3b2 Ned6 33. Na4 f5 34. Nb6 Qe7 35. Nxc8 Rfxc8 36. Qc2 f4 37. Nd1 Rf8 38. Qd3 Rf7 39. Nc3 Qd7 40. Ra1 Rf6 41. Na4 g5 42. Be1 Rg6 43. h3 h5 44. Bf2 Qc8 45. Nb6 Qd8 46. Rc1 g4 47.
hxg4 hxg4 48. fxg4 Rxg4 49. Qf3 Qg5 50. Rc3 Bf6 51. Kf1 Qg6 52.
Re2 Bh4 53. Bxh4 Rxh4 54. Ke1 Rg4 55. Qf1 Nxe4 56. d6 Nxd6 57.
Rh3 Qb1+ 58. Kf2 Ne4+ 59. Kg1 Qxf1+ 60. Kxf1 Ng3+ 61. Rxg3 Rxg3 62. Rxe5 f3 63. gxf3 Rxf3+ 64. Ke2 Ra3 65. Kd2 Rxa5 66. Kc3 Ra3+ 67. Kb2 Rf3 68. Nd5 Rg7 69. Re2 b5 70. cxb5 axb5 71. Nc3 Rgf7 72. Ne4 c4 73. Nd6 Rf2 74. Rxf2 Rxf2+ 75. Kc3 Rf3+ 76. Kc2 Rb3 77. Ne4 Kf7 78. Nd2 Rh3 79. Ne4 Ke7 80. Ng5 Rb3 81. Ne4 Re3 82. Ng5 Kd7 83. Kd2 Rd3+ 84. Kc2 Kc6 85. Ne4 b4 86. Nf2 Rg3 87. Ne4 Rg2+ 88. Kc1 Kd5 89. Nf6+ Kd4 90. Nd7 Kc3 91. Kd1 b3 92. Nc5 Kb4 0-1

[Event "44th Chess Olympiad Open 2022"]
[Site "Chennai"]
[Date "2022.08.05"]
[Round "7.90"]
[White "Ahmad, Md Siraj Munir"]
[Black "Enemchukwu Chinedu Benjamin"]
[Result "0-1"]
[WhiteElo "2035"]
[BlackElo "1889"]
[Annotator "NA RC"]
[PlyCount "148"]
[EventDate "2022.??.??"]
[TimeControl "60"]

1. e4 c5 2. Nf3 d6 3. Bb5+ Nc6 4. Bxc6+ bxc6 5. O-O g6 6. d4 c4 7. c3 Bg7 8. Qa4 Qb6 9. Na3 Ba6 10. Be3 Bb5 11. Qc2 d5 12. e5 Ba6 13.
Qd2 Rb8 14. Rab1 h5 15. Rfe1 Nh6 16. h3 Bc8 17. Bf4 Rb7 18.
e6 Bxe6 19. Rxe6 fxe6 20. Qe3 Nf7 21. Qxe6 c5 22. Qc8+ Nd8 23. dxc5 Qc6 24. Qxc6+ Nxc6 25. Bd2 e5 26. b4 a6 27. Nh4 Kf7 28. Nc2 d4 29. Na3 dxc3 30. Bxc3 Nd4 31. Kf1 Nb5 32. Nxb5 axb5 33. Rd1 Ra8 34. Rd2 Ra3 35. Rc2 Rba7 36. Nf3 Rxa2 37. Rxa2 Rxa2 38. Ng5+ Ke7 39. Ne4 Rc2 40. Ke1 Ke6 41. Bd2 Kd5 42. Nc3+ Kc6 43. Kd1 Rb2 44. Ne4 Bf8 45. Kc1 Ra2 46. Kb1 Ra8 47. Kb2 Be7 48. f3 Rg8 49. Bc3 Kd5 50. Kc2 g5 51. Bb2 g4 52. Nc3+ Kc6 53.
hxg4 hxg4 54. Ne4 gxf3 55. gxf3 Rf8 56. Bxe5 Rxf3 57. Nc3 Bxc5 58. bxc5 Kxc5 59. Bg7 b4 60. Ne4+ Kc6 61. Bb2 Re3 62. Nf6 Re2+ 63. Kb1 c3 64. Bc1 b3 65. Ng4 Re1 66. Nf2 Kb5 67. Nd3 Rf1 68.
Ne5 Kb4 69. Nd3+ Kc4 70. Ne5+ Kd5 71. Nd3 Kd4 72. Nb4 Kc4 73. Nc2 bxc2+ 74. Kxc2 Rf2+ 0-1

[Event "44th Chess Olympiad Open 2022"]
[Site "Chennai"]
[Date "2022.08.06"]
[Round "8.1"]
[White "Vidit, Santosh Gujrathi"]
[Black "Melkumyan, Hrant"]
[Result "1/2-1/2"]
[WhiteElo "2714"]
[BlackElo "2634"]
[Annotator "TA"]
[PlyCount "84"]
[EventDate "2022.??.??"]
[TimeControl "60"]

1. d4 d5 2. c4 e6 3. Nc3 Nf6 4. cxd5 exd5 5. Bg5 c6 6. e3 h6 7. Bh4 Be7 8. Bd3 O-O 9. Nge2 Re8 10. O-O Nbd7 11. Qc2 Nh5 12.
Bxe7 Qxe7 13. Rae1 Nb6 14. Nc1 {[%emt 0:07:33] [#] D36: Queen's Gambit Declined:
Exchange Variation: Main line (5 Bg5 c6 6 Qc2).} Nc4 $146 (
14... Bg4 $11 {remains equal.}) ({Predecessor:} 14... Bg4 15. f3 Be6 16. b3 Nf6
17. Qd2 Rad8 18. Bc2 Nbd7 19. Nd3 Nf8 20. Ne5 Qd6 21. Rc1 c5 {½-½ (34)
Holroyd,K (2517)-Romm,M (2439) ICCF email 2017}) 15. Qe2 $16 Qg5 16. f4 {[%emt 0:02:53] White is slightly better.} Qh4 17. g3 Qg4 18. e4 ({Of course not} 18. Bxc4 dxc4 19. e4 Qxe2 20. N1xe2 Bh3 $11) 18...
Qxe2 19. Bxe2 Nf6 {[%emt 0:00:43] [#]} 20. e5
$1 {[%emt 0:00:21] Strongly threatening Bxc4.} Nh7 21. b3 (21. Bxc4 $16 dxc4 22. f5) 21... Ne3 $14 22.
Rf3 Nf5 23. Rd3 g6 24. b4 h5 25. Nb3 Nf8 26. h3 h4 27. g4 Ng3 28. Rf3 f5 29. exf6 Nh7 30.
Nc5 (30. f5 $2 gxf5 31. Kh2 Ng5 32. Rxg3 hxg3+ 33. Kxg3 f4+
34. Kxf4 Nxh3+ 35. Kf3 Kf7 $19) 30... Nxf6 31. Nd3 a5 32. bxa5 Nxe2+ 33. Rxe2 Rxe2 34. Nxe2 Rxa5 35. Nc3 Ne4 36. Ne5 Kg7 37. Nxe4 dxe4 $11 {
[%emt 0:00:06] KRB-KRN} 38. Re3 Rxa2 39. Rxe4 Ra3 40. Kh2 Ra2+ {[%emt 0:
02:50] The position is equal.} 41. Kg1 Ra3 42. Kh2 Ra2+ {[%emt 0:00:00] Weighted Error Value: White=0.08
(flawless) /Black=0.07 (flawless)} 1/2-1/2

[Event "44th Chess Olympiad Open 2022"]
[Site "Chennai"]
[Date "2022.08.06"]
[Round "8.1"]
[White "Sargissian, Gabriel"]
[Black "Harikrishna, Pentala"]
[Result "1-0"]
[WhiteElo "2698"]
[BlackElo "2720"]
[Annotator "TA"]
[PlyCount "203"]
[EventDate "2022.??.??"]
[TimeControl "60"]

1. d4 d5 2. c4 c6 3. Nf3 Nf6 4. e3 Bf5 5. Nc3 e6 6. Nh4 Be4 7. f3 Bg6 8. Qb3 Qb6 9. Nxg6 hxg6 10. Bd2 {[%emt 0:01:59][%cal Yc1d2,Yd2e1,Ye1h4]
D12: Slav Defence: 3 Nf3 Nf6 4 e3 Bf5.} Nbd7 11. O-O-O Qxb3 12. axb3 {[%emt 0:02:14] White has an
edge.} Bb4 {[%emt 0:00:09] [#]} 13. Be2 $5 $146 {[%emt 0:00:53] An interesting
novelty.} ({Predecessor:} 13. Kc2 O-O-O 14. Bd3 a6 15. Be1 Bd6 16. h4 Ne8 17.
e4 Nc7 18. Bf2 Be7 19. g4 {0-1 (74) Maghsoodloo,P (2716) -Harikrishna,P (2701)
Prague 2022}) 13... O-O-O 14. Kb1 a6 15. Be1 Bd6 16. h4 g5 17. Rh3 gxh4 18.
Bxh4 Rh6 19. Rdh1 Rdh8 20. Bf1 Nf8 21. g4 Ng6 22. Bf2 Rxh3 23. Rxh3 Rxh3 24. Bxh3 Kd8 25. Kc2 c5 26. Ne2 cxd4 27. Nxd4 dxc4 28. bxc4 Ne5 29. g5 Nfd7 30. Bf1 Nc6 31. Nxc6+ bxc6 $14 {[%emt 0:00:07] Endgame KBB-KBN} 32.
Be1 c5 33. f4 g6 34. Bg2 Nb8 35. Kd3 Kd7 36. Bf3 Nc6 37. Bd1 Kc7 38. Ba4 Kb6 39. Ke4 Kc7 40. Bc3 Kb6 41. Kf3 Kc7 42. Bf6 Kb6 43. Bg7 Kc7 44. Kg4 e5 45. Bf6 exf4 46. exf4 Bf8 47. Kf3 Bd6 48. Ke4 Bf8 49. Bc3 Kd6 50. Bf6 Kc7
$1 51. f5 gxf5+ 52. Kxf5 Kd6 53. Ke4 Na5 (53... Be7 54. Bxc6 Bf8 55. Bd5 $18) (53... Kc7 $142) 54. Be5+ $1 $16 Ke6 55. Bd1 (55. Bc3 $142 $1 Nb7 56. Bc6 Nd6+ 57. Kd3) 55... Nc6 56. Bg4+ Ke7 57. Bc3 {[%emt 0:01:27] Strongly
threatening Kd5. White is more active.} Nb4 58. Bf6+ Ke8 59. Bd1 {[%emt 0:01:00] Ba4+ would kill now.} Kd7 60. Kf5 {[%emt 0:01:09] Hoping for Ba4+.} Nc6 61. Bh5 Ke8 62. Ke4 Nb4 63. Bg4 Nc6 64. Bc8 Nb4 65. Kf5 Be7 66.
Bc3 (66. Bb7 $142 $1) 66... Kd8 67. Bb7 Kc7 68. Bf3 {[%emt 0:01:47] aiming for Bh5.}
Kd7 69. Bh5 Ke8 70. Bd1 Kf8 {[%emt 0:01:37] Inhibits Bg7+.} 71. Ba4 Bd6 72. Bf6 Kg8 (72... Bc7
$16 {might work better.}) 73. Bd1 (73. Be8 $1 $18) 73... Kf8 (73... Nc6 $16) 74. Ba4 Kg8 $1 75. g6 (75. Be8 $1 $18) 75... fxg6+ $14 76.
Kxg6 Kf8 $1 77. Kf5 {[%emt 0:00:52]
Threatens to win with Ke6.} Nd3 $2 (77... Be7 $1 $14) 78. Ke6
$18 Bg3 79. Be7+ (79. Bc2
$18 {is more deadly.} Nb4 80. Be4) 79... Kg7 $2 (79... Kg8 $16
) 80. Bc2 Nb4 (80... Nf4+ $142 81. Kf5 Kf7)
81. Be4 Bf2 82. b3 (82. Bf6+
$142 Kg8 83. Be5) 82... Bd4 (82... Na2 $142 83. Bg5 Kg8) 83.
Bd6 Be3 84. Be5+ {[%emt 0:00:24] A strong
pair of Bishops.} Kf8 85. Kd7 Kf7 86. Bf5 Bf2 87. Kd6 Be3 88. Be4 Bf2 89. Kd7 Be3 $1 90. Bd6 Kf6 91. Kc7 (91. Bb1 $18) 91... Ke6 $16 92. Bh7 Na2 93. Be4 (93. Bc2
$16) 93... Bd4 {[%emt 0:00:58] [#]} (93... Nb4 $11) 94. Bf8 ({
Better is} 94. Bf3 $1 $16) 94... Nc3 (94... Nc1 $1 $11 {
keeps the balance.}) 95. Bc2 Na2 {[%emt 0:00:31] [#]} (95...
Kf7 $16) 96. Kb6 $1 $18 Nb4 $2 (96... Kd7 97. Bf5+ Kd8 98. Bxc5 Bxc5+ 99. Kxc5 Kc7) 97. Bb1 a5 98. Bxc5 Bxc5+ 99. Kxc5 Kd7 100. Kb6 {[%emt 0:00:54] Threatening mate
with Be4.} Kc8 101. Kxa5 Nc6+ 102. Kb6 {[%emt 0:00:18] Weighted Error Value: White=0.06 (flawless) /
Black=0.05 (flawless)} 1-0

[Event "44th Chess Olympiad Open 2022"]
[Site "Chennai"]
[Date "2022.08.06"]
[Round "8.1"]
[White "Narayanan.S.L"]
[Black "Hovhannisyan, Robert"]
[Result "1/2-1/2"]
[WhiteElo "2659"]
[BlackElo "2591"]
[Annotator "TA"]
[PlyCount "90"]
[EventDate "2022.??.??"]
[TimeControl "60"]

1. d4 d5 2. c4 c6 3. Nf3 Nf6 4. Nc3 e6 5. Bg5 Nbd7 6. e3 Qa5 7. cxd5 Nxd5 8.
Rc1 {[%emt 0:00:07] D52: Queen's Gambit Declined: Cambridge Springs Variation.}
h6 {[%emt 0:03:49] Recently 8...Bb4 got a lot of attention.} 9. Bh4 Nxc3 10. bxc3 Ba3 11. Rc2 b6 12. Be2 ({
Of course not} 12. Ne5 Nxe5 13. dxe5 Bb7 $15) 12... Ba6 13.
O-O Bxe2 14. Rxe2 O-O 15. e4 Rfe8 {[%emt 0:09:01] [#]} 16. Re3 $146 ({Predecessor:} 16. c4 b5 17. d5 cxd5 18. cxd5 exd5 19. exd5
Bf8 20. Rfe1 Rxe2 21. Rxe2 Rc8 22. g4 {1-0 (64) Martirosyan,H (2613)
-Hovhannisyan,R (2641) Yerevan 2020}) 16... Bf8 17. e5 (17. Qe2 $11) 17... c5 18. d5 {[%emt 0:23:37]
Black must now prevent dxe6.} Qxa2 19. d6 a5 20. Qd3 {[%emt 0:00:09] [#]} Qd5 (20... a4 $1
$17) 21. Qb5 $15 Qb7 22. Ra1 $1 Rec8 23. c4 Qc6 24. Bg3 ({Better is} 24. Qb1 $15) 24... Qxb5 $17 25.
cxb5 f6 26. exf6 gxf6 27. Rxe6 Re8 28. Rxe8 Rxe8 29. Nd2 {[%emt 0:00:11] Prevents Re4.}
Re6 30. Nc4 (30. Rd1 $1 $15) 30... Re4 31. Rc1 Rd4 32. Kf1 Rd3 33. Rb1 {[%emt 0:02:31] Against Rb3} Rd4 34. Rc1 Rd3 35. Rb1 $1 {[%emt 0:00:
00] [#] Against Rb3} Rc3 ({Black should play} 35... h5 $1 $17
{aiming for ...Rd4.} 36. h4 Kf7) 36. Ne3 $15 Ra3 37. Ke2 Ra4 38. Kd3 Kf7 39. Nc4 Rb4 40. Rb2 Ke6 41. Re2+ Kf7 $1 42. Rb2 a4 {[%emt 0:00:00] Strongly threatening ...
Rxb2.} 43. Ra2 {[%emt 0:00:00] The position is equal.} f5 44.
Bf4 Bg7 45. Bd2 Rxb5 {
[%emt 0:00:00] And White is the lucky defender. Weighted Error Value: White=0.
12 (very precise) /Black=0.18 (very precise)} (45... Rb3+ $2 46. Kc2 $18)
1/2-1/2

[Event "44th Chess Olympiad Open 2022"]
[Site "Chennai"]
[Date "2022.08.06"]
[Round "8.1"]
[White "Ter-Sahakyan, Samvel"]
[Black "Erigaisi Arjun"]
[Result "1/2-1/2"]
[WhiteElo "2625"]
[BlackElo "2689"]
[Annotator "TA"]
[PlyCount "167"]
[EventDate "2022.??.??"]
[TimeControl "60"]

1. e4 c5 2. Nf3 e6 3. d4 cxd4 4. Nxd4 Nf6 5. Nc3 Nc6 6. Qd3 {[%emt 0:08:24] B45: Sicilian Four Knights.} d5 7. exd5 Nb4 8. Qg3 Bc5 9. a3 (9. Qxg7 Rg8 10. Bb5+ Ke7
11. d6+ Bxd6 $17) 9... Nbxd5 {[%emt 0:00:08] [#]} 10. Nxd5 $146 ({Not} 10. Qxg7 $2 Rg8 11. Qh6 (11. Bb5+ $2 Ke7 $19) 11... Bxd4 $19) ({
Predecessor:} 10. Bb5+ Kf8 11. Nde2 Bd7 12. Bxd7 Qxd7 13. Nxd5 Ne4 14. Qb3
Bxf2+ 15. Kf1 exd5 16. Be3 {0-1 (24) Harikrishna,P (2719)-Vitiugov,N (2726)
Belgrade 2022}) 10... Qxd5 11. Nb5 ({Wrong is
} 11. Qxg7 $2 Qe5+ 12. Be2 (12. Be3 $2 Rg8 $19) 12... Rg8 $19) 11... O-O 12. Nc3 Qf5 13. Bd3 Qh5 14. h3 Bd7 15.
Bg5 {[%emt 0:21:23] [#] And now Bxf6 would win.} Be7 16. Be2 Qg6 17. Bd3 Qh5 18. O-O Bc6 19. Be2 Qg6 20. Bd3 Qh5 21. Rae1 Nd5 22. Nxd5 Qxg5 23. Re5 Qh4 24. Nxe7+ Qxe7 25. Rfe1 Rad8 26. Qf4 Rd6 27. R1e3 Rfd8 28. Rh5 g6 $1 29. Qh4 Qxh4 30. Rxh4 Kg7 31. Rc4 h6 32. f3 f5 33. Kf2 Kf6 34. Rc3 e5 35. Rc5 Re6 36. Bb5 Bxb5 37. Rxb5 $11 {[%emt 0:00:03] Endgame KRR-KRR} b6 38. a4 a6 39. Rb4 Rc8 40. Re2 Rd6 41.
Ke3 Rc5 42. Rd2 {[%emt 0:00:00] The position
is equal.} Rdc6 43. c3 Ke7 44. Rd1 Re6 45. g4 a5 46. gxf5 gxf5 47.
Rh4 Rg6 48. Kf2 Ke6 49. Rd8 Rd5 50. Rh8 Rd2+ 51. Ke3 Rxb2 52. R4xh6 f4+ 53. Kd3 Rxh6 54. Rxh6+ {[%emt 0:00:00] KR-KR} Kf5 55. Rh5+ Kf6 56. Rh6+ Kf5 57. Rh5+ Ke6 58. Rh6+ Kd5 59. c4+ Kc5 {[%emt 0:00:05] [#] Hoping
for ...Rb3+.} 60. Re6 Rb3+ 61. Ke4 Re3+ 62. Kf5 Kxc4 63. Rxb6 Rxf3 64. Kxe5 Rxh3 65. Kxf4 Ra3 66. Rb8 Kc3 67. Ke3 Rxa4 {[%emt 0:00:
05] aiming for ...Rc4.} 68. Rc8+ Kb2 69. Ra8 Ra3+ 70. Kd2 a4 71. Ra7 Kb1 72. Ra8 Ra2+ 73. Kd1 a3 74. Ra7 Ra1 {[%emt 0:00:41] ...Kb2+ is the strong threat.} 75. Rb7+ Ka2+ 76. Kc2 Rh1 77. Rc7 Rh2+ 78. Kc1 Ka1 79. Rc3 a2 80. Rc8 Rh1+ 81. Kc2 Rh2+ 82. Kc1 Rg2 83. Rc7 Rb2 84. Rc8 {[%emt 0:00:04] An interesting draw. Weighted
Error Value: White=0.03 (flawless) /Black=0.02 (flawless)} 1/2-1/2

[Event "44th Chess Olympiad Open 2022"]
[Site "Chennai"]
[Date "2022.08.06"]
[Round "8.2"]
[White "Caruana, Fabiano"]
[Black "Gukesh D"]
[Result "0-1"]
[WhiteElo "2783"]
[BlackElo "2684"]
[Annotator "TA"]
[PlyCount "90"]
[EventDate "2022.??.??"]
[TimeControl "60"]

1. e4 c5 2. Nf3 Nc6 3. Bb5 g6 4. O-O Bg7 5. Bxc6 bxc6 6. Re1 Qc7 {[%emt 0:00:54] B31:
Sicilian: 2...Nc6 3 Bb5 g6.} 7. h3 d6 8. e5 dxe5 {[%emt 0:05:26] White has an edge.} 9. d3 c4 10. Nc3 {[%emt 0:00:14] [#]} (10. dxc4 f5 $15) 10... cxd3
$146 ({Predecessor:} 10... Be6 11. Qe2 cxd3 12. cxd3 Nf6 13.
Nxe5 O-O 14. b3 Rac8 15. Bb2 c5 16. Rac1 Rfd8 {½-½ (32) Dmitriev,V (2463)
-Borstnik,A (2612) ICCF email 2020}) 11. cxd3 Nh6 {[%emt 0:00:
00] [#]} 12. Nxe5 $1 Nf5 13. Bf4 Qb7 $1 (13... g5 14. Bh2 Qb7 15. Rc1 $16) 14.
Na4 (14. d4 $5 ) 14... f6 15.
Nf3 {[%emt 0:05:09] Pair of Knights!} O-O 16. d4 {[%emt 0:00:
00] Prevents e5.} g5 (16... Qd7 $14) 17. Bh2 (17. Nc5 $16 Qb4 18. a3) 17... h5 $14 18. Re4 {[%emt 0:01:44]
Inhibits g4.} (18. Nc5 $5 Qb4 19. a3 $14) 18... Qd7 19. Qc2 Rf7 20. Rae1 Bf8 21. Qe2 Qd5 22. Nc3 Qd7 23. Qc4 Qb7 24. b4 (24. Nd2 $11) 24... e6 25. Rb1 Qd7 26. Rbe1 Qb7 27. Rb1 Qd7 28. a3 (28. Rbe1 $11 {remains equal.}) 28... a5 $17 {[%emt 0:01:55] Black
keeps a firm grip on the game.} 29. Na4 {[%emt 0:04:00] Nb6 is the strong
threat.} Qd8 {[%emt 0:00:12] Inhibits Nb6. Threatens to win with ...axb4.} 30.
bxa5 Rxa5 {[%emt 0:00:53] And now ...Qd5 would win.} 31. Nc5 {
[%emt 0:02:30] [#]} (31. Qc2 $17 {might work better.}) 31... Qd5 $1 $19 (31... Rxa3 32. Nxe6 Qd5 33. Qxd5 cxd5 34. Ree1 $17) 32. Qe2 Rxa3 ({Not} 32... Bxc5 33. dxc5 Ra8 34. Rd1
Qxc5 35. a4 $15) 33. Rd1 ({Avoid the trap} 33. Nxe6 $2 Bxe6
34. Rxe6 {[#]} Rxf3 $1 $19) 33... Rfa7 {[%emt 0:04:22] aiming for ...Ra1.} 34.
g4 $2 (34. Qe1) 34... hxg4 35. hxg4 Nh6 36. Bg3 $2 (36. Nd2) 36... e5 37. Nxe5 fxe5 38. Rxe5 Bxg4 39. Qd2 (39. Rxd5 $142
Bxe2 40. Rxg5+ Kf7 41. Re1) 39... Qf3 40. Rxg5+ Rg7 {[%emt 0:00:36] ( -> ...Bh3)} 41. Re1 Bh3 {[%emt 0:
02:18][%csl Gh3][%cal Rf3g2] Black mates.} 42. Bd6 Bxd6 43. Rxg7+ Kxg7 44. Qg5+ Kh7 45. Ne4 {[%emt 0:00:00]
[#]} Qxe4 $3 {[%emt 0:00:10] Weighted Error Value: White=0.62/ Black=0.09 
(flawless)} 0-1

[Event "44th Chess Olympiad Open 2022"]
[Site "Chennai"]
[Date "2022.08.06"]
[Round "8.2"]
[White "So, Wesley"]
[Black "Praggnanandhaa R"]
[Result "1/2-1/2"]
[WhiteElo "2773"]
[BlackElo "2648"]
[Annotator "TA"]
[PlyCount "65"]
[EventDate "2022.??.??"]
[TimeControl "60"]

1. e4 c5 2. Nf3 Nc6 3. Nc3 g6 4. d4 cxd4 5. Nxd4 Bg7 6. Be3 Nf6 7. Bc4 O-O 8. Bb3 d6 9. f3 Qa5 10. Qd2 Nxd4 $1 {[%emt 0:01:07] is
currently scoring better than 10...Bd7.} 11. Bxd4 Be6 12. h4 {[%emt 0:14:57][%cal Yh2h4,Yh4h5] [#] B77: Sicilian
Dragon: Yugoslav Attack, 9 Bc4 sidelines.} b5 $146 ({
Predecessor:} 12... Bxb3 13. cxb3 Rac8 14. a3 Rfd8 15. h5 e5 16. Be3 d5 17. b4
Qa6 18. exd5 Nxh5 19. Bg5 Rd7 {½-½ (44) Dobrovoljc,V (2414)-Nikolovski,N 
(2401) Terme Catez 2021}) 13. h5 Bxb3 14.
cxb3 e5 15. Be3 b4 16. Nd5 Nxd5 17. exd5 e4 18. f4 Qb5 19. f5 (19. h6 $11 {keeps the balance.} Bh8 20. Kf2) 19... Rac8 $17 20. Rf1 Be5 {[%emt 0:08:10] [#]
Strongly threatening ...Bg3+.} (20... gxh5 $2 21. f6 $18) 21. Kf2 {[%emt 0:00:
00] Against Bg3+} Qd3 22. Qxd3 exd3 23. Rad1 {[%emt 0:00:38] [#]} Rc2+ $1 ({Don't play} 
23... gxf5 $6 24. Rxd3 Bxb2 25. Bxa7 $11) 24. Kf3 Rxb2 ({Much worse is} 24... gxf5 $6 25. Rxd3 Rxb2 26. Rd2 $15) 25.
Rf2 Rxf2+ ({Of course not} 25... gxh5 $6 26.
Rxb2 Bxb2 27. Bf4 $11) 26. Bxf2 gxf5 27. Bxa7
{[%emt 0:07:18] Endgame KRB-KRB} Ra8 28. Be3 Rxa2 29. Rxd3 Ra8 30. Bd2 Rb8 31. Ke2 {[%emt 0:02:04] The position is
equal.} Rb5 32. Rf3 Rxd5 33.
Bxb4 {[%emt 0:00:56] Weighted Error Value: White=0.11 (very precise) /Black=0.
06 (flawless)} 1/2-1/2

[Event "44th Chess Olympiad Open 2022"]
[Site "Chennai"]
[Date "2022.08.06"]
[Round "8.2"]
[White "Sarin Nihal"]
[Black "Aronian, Levon"]
[Result "1/2-1/2"]
[WhiteElo "2651"]
[BlackElo "2775"]
[Annotator "TA"]
[PlyCount "69"]
[EventDate "2022.??.??"]
[TimeControl "60"]

1. d4 Nf6 2. c4 e6 3. Nf3 d5 4. Nc3 Bb4 5. Qa4+ Nc6 6. e3 O-O 7. Bd2 Re8 {
[%emt 0:00:09] D38: Queen's Gambit Declined: Ragozin Defence (4 Nf3 Bb4).} 8.
a3 Bf8 $1 {[%emt 0:00:13] 8...Bf8 is better than 8...Bd6.} 9.
h3 a6 {[%emt 0:06:34] The position is equal.} 10. Rd1 {
[%emt 0:05:24] [#]} Ne7 $146 ({Predecessor:} 10... Bd7 11. Qc2
dxc4 12. Bxc4 b5 13. Bb3 b4 14. Nb1 bxa3 15. bxa3 Na7 16. O-O c5 {1-0 (38)
Vitenberg,N (2315)-Lobanov,S (2514) Chess.com INT 2021}) 11. Qc2 b6 $1 12. Be2 Bb7 13.
O-O Ng6 14. Ne5 c5 15. Nxg6 hxg6 16. dxc5 bxc5 17. Bf3 Nd7 18.
cxd5 Ne5 19. Be4 {[%emt 0:04:18] [#] Hoping
for dxe6.} f5 $1 (19... exd5 20. Be1 $16) 20. f4 (20. Qb3 Rb8 21. f4 fxe4 22. fxe5 Bxd5 $17) 20... fxe4 21. fxe5 {[%emt 0:00:29] And now d6 would win.} exd5 22. Be1 {
[%emt 0:01:04] Bg3 is the strong threat.} Rxe5 23. Bg3 (23. Qf2 Rf5 24. Qg3 Rxf1+ 25. Kxf1 Qf6+ 26. Bf2 d4 27. exd4
cxd4 28. Rxd4 e3 29. Qxe3 Bc5 $17) 23... Re6 {[%emt 0:00:05] [#]} 24. Nxd5 $1 Bxd5 25. Qd2 c4 26. Qxd5 Qxd5 27. Rxd5 c3 28. bxc3 Bxa3 29. Be5 Be7 30. Ra1 $1 Rc8 31. Bd4 {[%emt 0:07:18] White is more active.} Bf6 32. Rda5 Rcc6 33. Kf2 Bd8 34. Rd5 Red6 35. Re5 {[%emt 0:05:37] Weighted Error Value: White=0.02 (flawless) /
Black=0.03 (flawless)} 1/2-1/2

[Event "44th Chess Olympiad Open 2022"]
[Site "Chennai"]
[Date "2022.08.06"]
[Round "8.2"]
[White "Sadhwani, Raunak"]
[Black "Dominguez Perez, Leinier"]
[Result "1-0"]
[WhiteElo "2611"]
[BlackElo "2754"]
[Annotator "TA"]
[PlyCount "89"]
[EventDate "2022.??.??"]
[TimeControl "60"]

1. e4 c5 2. Nf3 d6 3. d4 cxd4 4. Nxd4 Nf6 5. Nc3 a6 6. Be3 e5 7. Nb3 Be6 8. f3 h5 9. Qd2 Nbd7 10. O-O-O Be7 11. Kb1 Rc8 {[%emt 0:00:05] is more profitable than
11...b5 at the moment.} 12. Bd3 {[%emt 0:00:59] B90: Sicilian Najdorf: Unusual
White 6th moves, 6 Be3 Ng4 and 6 Be3 e5.} b5 13. h3 h4 14. Rhe1 {[%emt 0:00:24] White is slightly better.}
O-O {[%emt 0:27:42] [#]} 15. Rg1 $146 ({Predecessor:} 15. f4 exf4 16. Bxf4 Nh5 17. Bh2 Ne5 18. Nd5 Bxd5 19. exd5 Bg5
20. Qf2 Re8 21. Bf5 {1-0 (47) Preotu,R (2487)-Talukdar,R (2341) ICC INT 2021})
15... b4 (15... Nc5 $11) 16. Ne2 ({White
should try} 16. Nd5 $1 $14) 16... d5 17. g3 dxe4 18. fxe4 a5 19. gxh4 Kh8 20. Rg5 a4 $2 {[%emt 0:01:47] [#]} (20... Nh7 $11 21. Rgg1 a4) 21. Nbd4 $1 $16 exd4 22. Bxd4 {[%emt 0:00:05][%cal Yg5g7]
Rxg7! would kill now.} Rg8 (22... Bxh3 23. Rxg7 $3 Kxg7 24.
Qg5+ Kh7 25. e5+ Kh8 26. exf6 Nxf6 27. Bxf6+ Bxf6 28. Qh6+ Kg8 29. Qh7#) 23.
Rdg1 $1 {[%emt 0:00:53][%cal Yg5h5] White wants to mate with Rh5+!} Nf8 (23... Bxh3 {is a self mate.} 24. Rh5+ $3 Nh7 25. Qh6 Ndf6 26.
Bxf6) 24. Bxf6 {[%emt 0:00:00] Remove Defender} Bxf6 25. Rh5+ Nh7 {[%emt 0:00:03] aiming for ...g6.} 26. e5 g6 27. Qh6 Rg7 {[%emt 0:00:08] And now ...Be7 would win.} 28. exf6 {[%emt 0:
00:31] Chess con chili.} Qxf6 29. Rb5 b3 30. axb3 axb3 31. cxb3 Bd7 32. Rb4 Bf5 {[%emt 0:00:
01] [#]} 33. Qe3 Rgg8 34. Bxf5 Qxf5+ 35. Ka1 ({
White should play} 35. Qe4 $16) 35... Rge8 $11 36. Qd4+ Nf6 37. Nc3 {[%emt 0:01:16][%cal Yh4h5]
Prevents Re4.} Red8 38. Qe3 (38. Qf4 $16)
38... Kg7 39. Rf4 Qa5+ {[%emt 0:00:28] [#]} (
39... Ra8+ $1 $11 {keeps the balance.} 40. Ra4 Qc2) 40. Na4 ({
Better is} 40. Kb1 $1 $16) 40... Nd5 {[%emt 0:00:36] Prevents b4.} (40... Rc6
$1 $14) 41. Qe5+ $18 {[%emt 0:30:29] White is clearly winning.} Kg8 42. Rd4 Rc5 (42... Rb8 $142 43. h5
Re8 44. Qxd5 Qxd5 45. Rxd5 Rxb3) 43. Rgd1 f6 44. Qe4 Kf8 45. Qxg6 {[%emt 0:00:00]
Weighted Error Value: White=0.16 (very precise) /Black=0.48} 1-0